 Dungeon Crawl Stone Soup version 0.22-a0-322-g60b3cfd (webtiles) character file.

56 Cattac the Skirmisher (level 3, 0/30 HPs)
             Began as a Demonspawn Abyssal Knight on Apr 5, 2018.
             Was a Follower of Lugonu.
             Slain by an adder (4 damage)
             ... on level 2 of the Dungeon.
             The game lasted 00:05:51 (1269 turns).

Cattac the Skirmisher (Demonspawn Abyssal Knight)   Turns: 1269, Time: 00:05:52

Health: 0/30       AC: 11    Str: 13    XL:     3   Next: 71%
Magic:  4/4        EV:  6    Int: 13    God:    Lugonu [*.....]
Gold:   69         SH:  0    Dex: 12    Spells: 2/2 levels left

rFire    + . .     SeeInvis .   a - +1 hand axe
rCold    + . .     Gourm    .   (no shield)
rNeg     . . .     Faith    .   m - +0 storm dragon scales
rPois    +         Spirit   .   (no helmet)
rElec    +         Reflect  .   (no cloak)
rCorr    +         Harm     .   (no gloves)
MR       .....                  (no boots)
Stlth    ..........             (no amulet)
HPRegen  0.10/turn              (no ring)
MPRegen  0.09/turn              (no ring)

@: resistant
A: claws 2
a: Depart the Abyss, Renounce Religion


You were on level 2 of the Dungeon.
You worshipped Lugonu.
Lugonu was aware of your devotion.
You were very hungry.

You visited 1 branch of the dungeon, and saw 2 of its levels.
You visited the Abyss 1 time.

You collected 69 gold pieces.

Inventory:

Hand Weapons
 a - a +1 hand axe (weapon)
Armour
 b - a +0 leather armour
 m - +0 storm dragon scales (worn)
Wands
 n - a wand of digging (9)
Scrolls
 g - a scroll of remove curse {unknown}
 h - a scroll of immolation {unknown}
 k - a scroll of identify
Potions
 e - 2 potions of curing {unknown}
 f - a potion of might {unknown}
 i - a potion of haste {unknown}
 j - a potion of mutation {unknown}
Comestibles
 c - a ration


   Skills:
 * Level 3.9 Fighting
 + Level 2.1 Axes
 + Level 2.3 Armour
 - Level 0.8 Dodging
 - Level 0.9 Unarmed Combat
 - Level 2.4 Invocations


You had 2 spell levels left.
You didn't know any spells.

Dungeon Overview and Level Annotations

Branches:
Dungeon (2/15)

Altars:

Annotations:
D:2 Terence


Innate Abilities, Weirdness & Mutations

You have very sharp fingernails.


Message History

* * * LOW HITPOINT WARNING * * *
Okay, then.
As you read the scroll of teleportation, it crumbles to dust.
You feel strangely unstable.
Terence hits you with a flail of protection.
* * * LOW HITPOINT WARNING * * *
Your surroundings suddenly seem different.
A hobgoblin comes into view. It is wielding a club.
The hobgoblin shouts!
An adder comes into view.
The adder hisses angrily.
The hobgoblin completely misses you.
Found 13 gold pieces, a ring mail, 7 javelins and a ration.
Found a stone staircase leading down.
You barely miss the hobgoblin.
The hobgoblin hits you but does no damage.
The adder closely misses you.
Your storm dragon scales prevents you from hitting the adder.
You completely miss the hobgoblin. The adder bites you.
You die...

%.. ... ......#
... .. .. ...#
.... .. .>....#
.....#. .#....
...#. [...#(#
...#.....
#....###.#
#g@......#
.......S..#####
####.......#
##...$.##
#......
#.....##
#.....# #.....#


You could see an adder and a hobgoblin.

Vanquished Creatures
  Jessica (D:2)
  A dart slug (D:1)
  A leopard gecko (D:1)
  A ball python (D:1)
  A bat (D:1)
  A giant cockroach (D:1)
  A goblin (D:1)
  3 hobgoblins (D:1)
  3 jackals (D:1)
  4 kobolds
  4 frilled lizards (D:1)
  5 rats (D:1)
26 creatures vanquished.

Notes
Turn   | Place    | Note
-------+----------+-------------------------------------------
     0 | Abyss:1  | Cattac the Demonspawn Abyssal Knight began the quest for the Orb.
     0 | Abyss:1  | Reached XP level 1. HP: 18/18 MP: 2/2
     0 | D:1      | Escaped the Abyss
   215 | D:1      | Gained mutation: You have sharp fingernails. [demonic ancestry]
   215 | D:1      | Reached XP level 2. HP: 17/24 MP: 3/3
   435 | D:1      | Reached * piety under Lugonu
   846 | D:1      | Gained mutation: You have very sharp fingernails. [demonic ancestry]
   846 | D:1      | Reached XP level 3. HP: 27/30 MP: 4/4
  1219 | D:2      | Noticed Jessica
  1232 | D:2      | Killed Jessica
  1245 | D:2      | Noticed Terence
  1269 | D:2      | Slain by an adder

Vault maps used:
D:1:      dpeg_arrival_circle_labyrinth_c
D:2:      uniq_terence, uniq_jessica

Skill      XL: |  1 |
---------------+----+-----
Axes           | 2 |  2.1
Armour         | 2 |  2.3
Fighting       | |  3.9
Dodging        | |  0.8
Unarmed Combat | |  0.9
Invocations    | |  2.4

Action                   || total
-------------------------++-------
Melee: Hand axe          ||    86
       Unarmed           ||    18
Invok: Depart the Abyss  ||     1
  Use: Scroll            ||     2
       Potion            ||     2
Armor: Leather armour    ||    19
       Storm dragon scal ||    15
Dodge: Dodged            ||    57

Table legend:
 A = Spawn XP
 B = Non-spawn XP
 C = Spawn XP percentage of total XP
 D = Spawn monster count
 E = Non-spawn monster count
 F = Spawn count percentage of total count
 G = Total turns spent on level
                    A         B        C        D         E        F      G
               +---------+---------+-------+---------+---------+-------+---------
         Total |       0 |      81 |   0.0 |       0 |      26 |   0.0 |  1269
               +---------+---------+-------+---------+---------+-------+---------
           D:1 |       0 |      42 |   0.0 |       0 |      24 |   0.0 |  1215
           D:2 |       0 |      39 |   0.0 |       0 |       2 |   0.0 |    54
               +---------+---------+-------+---------+---------+-------+---------
